 Dungeon Crawl Stone Soup version 0.25.1-2-g60ff931df9 (webtiles) character file.

Game seed: 13945191178758381247

3078 manyhoops the Gusty (level 9, -8/111 HPs)
             Began as a Demigod Air Elementalist on Dec 9, 2020.
             Mangled by a large abomination (25 damage)
             ... on level 3 of the Abyss.
             The game lasted 00:20:58 (10036 turns).

manyhoops the Gusty (Demigod Air Elementalist)     Turns: 10036, Time: 00:20:58

Health: -8/111     AC: 28    Str: 11    XL:     9   Next: 32%
Magic:  2/22       EV:  2    Int: 25    God:
Gold:   262        SH:  0    Dex: 20    Spells: 6/21 levels left

rFire    . . .     SeeInvis .   (no weapon)
rCold    . . .     Gourm    .   (no shield)
rNeg     + + +     Faith    .   (armour currently unavailable)
rPois    +         Spirit   .   (helmet currently unavailable)
rElec    .         Reflect  .   (cloak currently unavailable)
rCorr    .         Harm     .   (gloves currently unavailable)
MR       +....     NoTele   +   (boots currently unavailable)
Stlth    ++........             (no amulet)
HPRegen  0.28/turn              j - +4 ring of protection
MPRegen  0.18/turn              s - +6 ring of dexterity

@: mighty, tree-form, berserk cooldown, slowed, very slow
A: clumsy 1, high mp 1, magic resistance 1
a: no special abilities


You were on level 3 of the Abyss.
You were not hungry.
You were a tree.
You visited 1 branch of the dungeon, and saw 7 of its levels.
You visited the Abyss 1 time.

You collected 300 gold pieces.
You spent 38 gold pieces at shops.

Inventory:

Hand Weapons
 y - a +2 whip of electrocution
Armour
 g - a +0 leather armour (melded)
 n - a +0 pair of gloves (melded)
Jewellery
 d - an uncursed ring of resist corrosion
 j - a +4 ring of protection (left branch)
 s - a +6 ring of dexterity (right branch)
Wands
 m - a wand of random effects (20)
 v - a wand of iceblast (1)
Scrolls
 l - a scroll of remove curse
 p - 4 scrolls of magic mapping
 w - a scroll of immolation
 x - 2 scrolls of enchant armour {unknown}
Potions
 b - a potion of invisibility
 e - 3 potions of heal wounds {unknown}
 f - 2 potions of flight
 h - a potion of haste
 i - 4 potions of might
 q - a potion of curing {unknown}
 u - a potion of brilliance {unknown}
Comestibles
 c - 12 rations


   Skills:
 * Level 5.0 Fighting
 - Level 2.0 Dodging
 - Level 2.0 Stealth
 + Level 6.7 Spellcasting
 + Level 5.5 Conjurations
 + Level 7.0 Air Magic


You had 6 spell levels left.
You knew the following spells:

 Your Spells              Type           Power        Failure   Level  Hunger
a - Shock                 Conj/Air       ####         1%          1    None
b - Swiftness             Chrm/Air       ####....     2%          2    None
c - Static Discharge      Conj/Air       #####...     1%          3    None
d - Airstrike             Air            #####.....   3%          4    ###....
e - Lightning Bolt        Conj/Air       #####.....   14%         5    #####..

Your spell library contained the following spells:

 Spells                   Type           Power        Failure   Level  Hunger
 Beastly Appendage        Tmut           #.....       7%          1    None
 Sticks to Snakes         Tmut           #.......     11%         2    None
 Spider Form              Tmut/Pois      #.........   21%         3    None
 Ice Form                 Ice/Tmut       #.......     56%         4    ###....
 Blade Hands              Tmut           #.........   88%         5    #####..


Dungeon Overview and Level Annotations

Branches:
Dungeon (7/15)             Temple (0/1) D:6

Shops:
D:5 *

Annotations:
D:7 Maggie


Innate Abilities, Weirdness & Mutations

You have an increased reservoir of magic. (+10% MP)
((You are partially covered in icy blue scales. (AC +2)))
((You are partially covered in iridescent scales. (AC +2)))
You are clumsy. (Dex -2)
((Your flesh is heat resistant. (rF+)))
You are resistant to hostile enchantments. (MR+)


Message History

You are too berserk!
You are too berserk!
You are too berserk!
You are too berserk!
You are too berserk!
You are too berserk!
You are too berserk!
You are too berserk!
You are too berserk!
You are too berserk!
You are too berserk!
You are too berserk!
You are too berserk!
You are too berserk!
You are too berserk!
You feel your anger nearly subside.
You are no longer berserk.
You are exhausted.
You feel yourself slow down. The large abomination hits you!!
You die...

..
..#
#..
#
#..
##.#
≈
..#
##X#
#♣#
###
. .


You could see a large abomination.

Vanquished Creatures
  Pikel (D:6)
  A catoblepas skeleton (Abyss:3)
  Prince Ribbit (D:5)
  A raiju (Abyss:3)
  A chaos spawn (Abyss:2)
  2 nagas (Abyss:3)
  3 slaves
  A phantom (D:6)
  A centaur (D:6)
  2 ogres
  2 bullfrogs
  2 scorpions
  A jelly (D:5)
  3 howler monkeys (D:7)
  2 crimson imps
  2 quasits
  A centaur zombie (D:6)
  4 hounds
  A bullfrog zombie (D:7)
  A centaur skeleton (D:4)
  4 orc wizards
  3 orc priests
  A bullfrog skeleton (D:5)
  An iguana (D:5)
  5 worker ants
  A hound skeleton (D:5)
  2 worker ant zombies
  5 adders
  4 gnolls (D:5)
  An adder zombie (D:6)
  4 worms
  2 dart slugs (D:1)
  3 leopard geckos
  15 orcs
  A ball python (D:1)
  3 giant cockroaches
  8 hobgoblins
  17 jackals
  4 quokkas
  7 bats
  4 frilled lizards
  9 goblins
  7 kobolds
  A quokka skeleton (D:7)
  5 rats
150 creatures vanquished.

Notes
Turn   | Place    | Note
-------+----------+-------------------------------------------
     0 | D:1      | manyhoops the Demigod Air Elementalist began the quest for
                  | the Orb.
     0 | D:1      | Reached XP level 1. HP: 14/14 MP: 5/5
   198 | D:1      | Reached skill level 3 in Air Magic
   306 | D:1      | Reached XP level 2. HP: 20/20 MP: 4/7
   487 | D:1      | Reached skill level 1 in Conjurations
  1062 | D:1      | Learned a level 2 spell: Swiftness
  1143 | D:1      | Reached XP level 3. HP: 26/26 MP: 5/8
  1919 | D:2      | Found a snail-covered altar of Cheibriados.
  2884 | D:3      | Reached XP level 4. HP: 19/33 MP: 0/10
  3821 | D:3      | Reached XP level 5. HP: 17/39 MP: 2/12
  4040 | D:3      | Learned a level 3 spell: Static Discharge
  4506 | D:4      | Reached skill level 1 in Fighting
  4858 | D:4      | Reached skill level 4 in Air Magic
  5141 | D:4      | Reached XP level 6. HP: 42/47 MP: 8/14
  6047 | D:4      | Gained mutation: Your body sometimes deteriorates upon
                  | taking damage. [potion of mutation]
  6047 | D:4      | Gained mutation: You are resistant to hostile enchantments.
                  | (MR+) [potion of mutation]
  6047 | D:4      | Gained mutation: You are agile. (Dex +2) [potion of
                  | mutation]
  6048 | D:4      | Lost mutation: Your body sometimes deteriorates upon taking
                  | damage. [potion of mutation]
  6048 | D:4      | Lost mutation: You are resistant to hostile enchantments.
                  | (MR+) [potion of mutation]
  6048 | D:4      | Lost mutation: You are agile. (Dex +2) [potion of mutation]
  6048 | D:4      | Gained mutation: You have large cloven feet. [potion of
                  | mutation]
  6048 | D:4      | Gained mutation: You are partially covered in icy blue
                  | scales. (AC +2) [potion of mutation]
  6048 | D:4      | Gained mutation: Your flesh is cold resistant. (rC+)
                  | [potion of mutation]
  6048 | D:4      | Gained mutation: Your mind is acute. (Int +2) [potion of
                  | mutation]
  6092 | D:5      | Entered Level 5 of the Dungeon
  6475 | D:5      | Reached XP level 7. HP: 55/55 MP: 13/16
  6807 | D:5      | Noticed Prince Ribbit
  6817 | D:5      | Killed Prince Ribbit
  6979 | D:5      | Found Kiyne's General Store.
  6984 | D:5      | Bought a scroll of immolation for 38 gold pieces
  7039 | D:5      | Reached skill level 5 in Air Magic
  7581 | D:6      | Found Suumucs's Jewellery Shoppe.
  7734 | D:6      | Lost mutation: You have large cloven feet. [potion of
                  | mutation]
  7734 | D:6      | Lost mutation: Your flesh is cold resistant. (rC+) [potion
                  | of mutation]
  7734 | D:6      | Lost mutation: Your mind is acute. (Int +2) [potion of
                  | mutation]
  7734 | D:6      | Gained mutation: You occasionally shout uncontrollably at
                  | your foes. [potion of mutation]
  7734 | D:6      | Gained mutation: You evolve. [potion of mutation]
  7734 | D:6      | Gained mutation: You are partially covered in iridescent
                  | scales. (AC +2) [potion of mutation]
  7734 | D:6      | Gained mutation: You have a pair of small antennae on your
                  | head. [potion of mutation]
  8130 | D:6      | Reached XP level 8. HP: 62/63 MP: 5/19
  8270 | D:6      | Reached skill level 5 in Spellcasting
  8276 | D:6      | Learned a level 4 spell: Airstrike
  8282 | D:6      | Learned a level 5 spell: Lightning Bolt
  8814 | D:6      | Found a staircase to the Ecumenical Temple.
  8876 | D:6      | Found an opulent altar of Gozag.
  8954 | D:6      | Lost mutation: You occasionally shout uncontrollably at
                  | your foes. [potion of mutation]
  8954 | D:6      | Lost mutation: You evolve. [potion of mutation]
  8954 | D:6      | Lost mutation: You have a pair of small antennae on your
                  | head. [potion of mutation]
  8954 | D:6      | Gained mutation: You are clumsy. (Dex -2) [potion of
                  | mutation]
  8954 | D:6      | Gained mutation: Your flesh is heat resistant. (rF+)
                  | [potion of mutation]
  8954 | D:6      | Gained mutation: You are resistant to hostile enchantments.
                  | (MR+) [potion of mutation]
  9034 | D:7      | Noticed Pikel
  9069 | D:6      | Killed Pikel
  9069 | D:6      | Reached skill level 5 in Conjurations
  9069 | D:6      | Reached skill level 6 in Air Magic
  9467 | D:7      | Found a white marble altar of Elyvilon.
  9478 | D:7      | Noticed Maggie
  9483 | D:7      | Cast into level 2 of the Abyss (Maggie)
  9571 | Abyss:2  | Reached XP level 9. HP: 33/72 MP: 2/22
  9699 | Abyss:3  | Noticed a smoke demon
  9710 | Abyss:3  | Noticed a guardian serpent
 10029 | Abyss:3  | Reached skill level 5 in Fighting
 10029 | Abyss:3  | Reached skill level 7 in Air Magic
 10036 | Abyss:3  | Mangled by a large abomination

Illustrated notes

Levels and vault maps discovered:
D:1:      dpeg_arrival_pits, layout_loops_ring, serial_bayou_crossing
D:2:      layout_basic, cheibriados_altar_1
D:3:      layout_basic
D:4:      layout_gridville, first_ration, minmay_misc_feat_five
D:5:      layout_gridville, serial_shops, nicolae_shop_statue_plus,
          uniq_prince_ribbit1
D:6:      layout_basic, marbit_many_paths, minmay_temple_entry_poolview,
          serial_shops, shop, dk_rats_in_the_wall
D:7:      layout_basic, dancing_weapons_uskayaw, basic_altar, serial_shops,
          shop, uniq_pikel, uniq_maggie
Abyss:3:  base: D:6, doesnt_abyss_rune_brain_food,
          guppyfry_abyss_exit_imp_island, guppyfry_abyss_exit_imp_island,
          hangedman_steaming_rock

Skill      XL: |  1  2  3  4  5  6  7  8  9 |
---------------+----------------------------+-----
Air Magic      | 3 4 5 6 7 |  7.0
Spellcasting   | 2 3 4 6 |  6.7
Conjurations   | 1 2 3 4 5 |  5.5
Stealth        | 2 |  2.0
Dodging        | 2 |  2.0
Fighting       | 1 2 3 4 5 |  5.0

Action                   |  1- 3 |  4- 6 |  7- 9 || total
-------------------------+-------+-------+-------++-------
Melee: Dagger            |     8 |     3 |       ||    11
       Whip              |       |       |    49 ||    49
       Short sword       |       |       |     2 ||     2
       Kick              |       |       |     2 ||     2
 Cast: Shock             |   122 |   148 |    89 ||   359
       Static Discharge  |       |     8 |    46 ||    54
       Airstrike         |       |       |    12 ||    12
Evoke: Wand              |       |       |     3 ||     3
  Use: Scroll            |     9 |     8 |     7 ||    24
       Potion            |       |     5 |     5 ||    10
 Stab: Paralysed         |       |       |     1 ||     1
       Sleeping          |       |       |     1 ||     1
  Eat: Chunk             |     4 |     9 |    12 ||    25
       Ration            |     1 |       |     1 ||     2
Armor: Robe              |    10 |       |       ||    10
       Ring mail         |     2 |     3 |       ||     5
       Leather armour    |       |    13 |    65 ||    78
       Skin              |       |       |     3 ||     3
Dodge: Dodged            |    28 |    41 |    98 ||   167
